 Dungeon Crawl Stone Soup version 0.22.0 (webtiles) character file.

633 kneps the Chopper (level 7, -4/91 HPs)
             Began as a Hill Orc Fighter on Aug 10, 2018.
             Slain by a wight
             ... wielding a cursed +0 halberd
              (5 damage)
             ... on level 8 of the Dungeon.
             The game lasted 00:11:16 (2828 turns).

kneps the Chopper (Hill Orc Fighter)                Turns: 2828, Time: 00:11:16

Health: -4/91      AC: 23    Str: 19    XL:     7   Next: 49%
Magic:  7/7        EV:  2    Int: 10    God:
Gold:   107        SH:  9    Dex: 10    Spells: 6/6 levels left

rFire    . . .     SeeInvis .   a - +1 war axe
rCold    . . .     Gourm    .   c - +0 shield
rNeg     + + +     Faith    .   (armour currently unavailable)
rPois    +         Spirit   .   (helmet currently unavailable)
rElec    .         Reflect  .   (cloak currently unavailable)
rCorr    .         Harm     .   (gloves currently unavailable)
MR       .....     NoTele   +   (boots currently unavailable)
Stlth    +.........             (no amulet)
HPRegen  0.25/turn              (no ring)
MPRegen  0.10/turn              (no ring)

@: tree-form
A: no striking features
a: no special abilities


You were on level 8 of the Dungeon.
You were not hungry.
You were a tree.
You visited 1 branch of the dungeon, and saw 6 of its levels.

You collected 107 gold pieces.

Inventory:

Hand Weapons
 a - a +1 war axe (weapon)
 l - a +0 hunting sling
Missiles
 i - 112 stones (quivered)
 m - 16 sling bullets
Armour
 b - a +0 scale mail (melded)
 c - a +0 shield (worn)
 j - a +1 pair of boots (melded)
 p - a +0 helmet (melded)
Wands
 t - a wand of paralysis (6)
Scrolls
 e - 4 scrolls of remove curse
 g - 6 scrolls of teleportation
Potions
 d - a potion of might
 n - a potion of brilliance
 q - a potion of haste
 s - a potion of curing
 v - a potion of mutation
Comestibles
 f - 8 rations


   Skills:
 + Level 5.5 Fighting
 * Level 7.0 Axes
 + Level 5.0 Armour
 + Level 5.0 Shields


You had 6 spell levels left.
You didn't know any spells.
Your spell library was empty.

Dungeon Overview and Level Annotations

Branches:
Dungeon (8/15)
 Temple: D:4-7         Lair: D:8-11

Altars:
Qazlal

Annotations:
D:3 3 runed doors, rumpelstilzz's ghost, amateur NaTm


Message History

The deep elf mage hits you with a dagger.
* * * LOW HITPOINT WARNING * * *
Unknown command.
You miss the deep elf mage.
The deep elf mage is heavily wounded.
You hit the centaur.
The centaur hits you but does no damage. x2
The wight hits you from afar with a halberd.
* * * LOW HITPOINT WARNING * * *
The deep elf mage hits you but does no damage.
A wight comes into view. It is wielding an enchanted scimitar.
You miss the deep elf mage.
The deep elf mage is heavily wounded.
You hit the centaur but do no damage.
The battlesphere dissipates.
The centaur hits you but does no damage.
The deep elf mage casts a spell at you. The lance of force hits you!
* * * LOW HITPOINT WARNING * * *
The wight hits you from afar with a halberd.
You die...

...........)... .
........z...... .
.......z....... .
#.............. .
#............##....%... #
#....z§....##......... ...
#...lz...##.......#<.
....#####ec####...........
........(♣.....#.....>.# #
......(..###.#.........###
....####.....##......(....
.. ##..........##..###
##.########..##....
###..#########..†....
#...................#
#..################## ####


You could see a deep elf mage, a centaur, an iguana and 4 wights.

Vanquished Creatures
  A hippogriff (D:8)
  A phantom (D:8)
  A water moccasin zombie (D:8)
  2 scorpions
  A crimson imp (D:8)
  A bullfrog skeleton (D:2)
  An iguana (D:7)
  A worker ant (D:7)
  A gnoll (D:1)
  4 adders
  An adder zombie (D:8)
  An adder skeleton (D:2)
  A worm (D:3)
  2 dart slugs
  3 leopard geckos
  4 orcs
  A ball python (D:2)
  6 bats
  2 giant cockroaches
  6 goblins
  6 hobgoblins
  2 jackals (D:2)
  5 kobolds
  2 quokkas
  A frilled lizard (D:3)
  3 rats
60 creatures vanquished.

Vanquished Creatures (others)
  A frilled lizard (D:2)
1 creature vanquished.

Grand Total: 61 creatures vanquished

Notes
Turn   | Place    | Note
-------+----------+-------------------------------------------
     0 | D:1      | kneps the Hill Orc Fighter began the quest for the Orb.
     0 | D:1      | Reached XP level 1. HP: 19/19 MP: 1/1
   115 | D:1      | Reached skill level 3 in Axes
   154 | D:1      | Reached XP level 2. HP: 11/27 MP: 2/2
   634 | D:1      | Reached XP level 3. HP: 33/33 MP: 3/3
  1080 | D:2      | Reached skill level 4 in Axes
  1080 | D:2      | Reached XP level 4. HP: 30/40 MP: 4/4
  1246 | D:2      | Found a stormy altar of Qazlal.
  2118 | D:3      | Found a runed gate.
  2119 | D:3      | Found a runed gate.
  2119 | D:3      | Found a runed gate.
  2120 | D:3      | Noticed rumpelstilzz's ghost (amateur NaTm)
  2208 | D:3      | Reached XP level 5. HP: 47/47 MP: 5/5
  2595 | D:4      | You fall through a shaft for 3 floors!
  2605 | D:7      | Reached skill level 5 in Axes
  2606 | D:7      | Noticed an orc warrior
  2626 | D:7      | Reached XP level 6. HP: 41/53 MP: 6/6
  2693 | D:8      | Noticed a phantom
  2736 | D:8      | Killed a phantom
  2736 | D:8      | Reached skill level 5 in Fighting
  2736 | D:8      | Reached skill level 6 in Axes
  2765 | D:8      | Reached XP level 7. HP: 35/61 MP: 7/7
  2779 | D:8      | Noticed a hippogriff
  2790 | D:8      | Killed a hippogriff
  2790 | D:8      | Reached skill level 7 in Axes
  2790 | D:8      | Reached skill level 5 in Armour
  2790 | D:8      | Reached skill level 5 in Shields
  2810 | D:8      | Noticed a deep elf mage
  2828 | D:8      | HP: 1/91 [deep elf mage/lance of force (11)]
  2828 | D:8      | Slain by a wight

Skill      XL: |  1  2  3  4  5  6  7 |
---------------+----------------------+-----
Axes           | 3 4 5 6 7 |  7.0
Fighting       | 4 5 |  5.5
Shields        | 4 5 |  5.0
Armour         | 4 5 |  5.0

Action                   |  1- 3 |  4- 6 |  7- 9 || total
-------------------------+-------+-------+-------++-------
Melee: War axe           |    54 |   186 |    23 ||   263
 Fire: Hunting sling     |       |     2 |       ||     2
Throw: Stone             |       |     2 |       ||     2
Evoke: Wand              |       |     1 |     1 ||     2
  Use: Scroll            |       |    11 |       ||    11
       Potion            |       |       |     3 ||     3
 Stab: Paralysed         |       |     5 |       ||     5
  Eat: Chunk             |       |     5 |     2 ||     7
Armor: Scale mail        |    29 |    96 |    17 ||   142
       Skin              |       |       |     7 ||     7
Dodge: Dodged            |    23 |    60 |    14 ||    97
Block: Shield            |    24 |    81 |    21 ||   126
